 Dungeon Crawl Stone Soup version 0.27.1-33-g824d729ab1 (webtiles) character file.

Game seed: 17767964124705727763

36 unlimited1921 the Shield-Bearer (level 3, 0/19 HPs)
             Began as a Vine Stalker Fighter on Dec 30, 2021.
             Killed from afar by Sigmund (7 damage)
             ... with a puff of flame
             ... on level 2 of the Dungeon.
             The game lasted 00:06:02 (2292 turns).

unlimited1921 the Shield-Bearer (VSFi)              Turns: 2292, Time: 00:06:02

Health: 0/19       AC:  6    Str: 18    XL:     3   Next: 37%
Magic:  0/4        EV:  7    Int:  8    God:
Gold:   53         SH:  0    Dex: 14    Spells: 2/2 levels left

rFire    . . .     SeeInvis .   a - +1 long sword (freeze)
rCold    . . .     Faith    .   c - +0 kite shield
rNeg     . . .     Spirit   +   b - +0 scale mail
rPois    .         Reflect  .   (no helmet)
rElec    .         Harm     .   (no cloak)
rCorr    .         Rampage  .   (no gloves)
Will     .....                  (no boots)
Stlth    ..........             (no amulet)
HPRegen  0.06/turn              (no ring)
MPRegen  0.09/turn              (no ring)

@: confused
A: fangs 2, magic shield, antimagic bite, no potion heal 2
a: no special abilities


You were on level 2 of the Dungeon.
You visited 1 branch of the dungeon, and saw 2 of its levels.

You collected 53 gold pieces.

Inventory:

Hand Weapons
 a - a +1 long sword of freezing (weapon)
Missiles
 h - 18 bolts
Armour
 b - a +0 scale mail (worn)
 c - a +0 kite shield (worn)
Scrolls
 e - a scroll of fear {unknown}
 g - a scroll of acquirement
Potions
 d - a potion of might
 f - a potion of ambrosia {unknown}
 i - a potion of magic {unknown}


   Skills:
 + Level 2.9 Fighting
 + Level 2.3 Long Blades
 + Level 2.6 Armour
 + Level 0.3 Dodging
 + Level 3.1 Shields


You had 2 spell levels left.
You didn't know any spells.
Your spell library contained the following spells:

 Spells                   Type           Power      Damage    Failure   Level
 Magic Dart               Conj           0%         1d3       100%        1
 Call Imp                 Summ           0%         N/A       100%        2
 Mephitic Cloud           Conj/Pois/Air  0%         N/A       100%        3


Dungeon Overview and Level Annotations

Branches:
Dungeon (2/15)

Altars:

Shops:
D:1 :

Annotations:
D:2 Sigmund


Innate Abilities, Weirdness & Mutations

You have extremely sharp teeth.
When hurt, damage is shared between your health and your magic reserves.
Your bite disrupts and absorbs the magic of your enemies.
Potions cannot restore your health.


Message History

You open the door.
A goblin and Sigmund come into view.
Sigmund shouts!
The goblin shouts!
You hit the goblin but do no damage. You bite the goblin. You drain its power.
The goblin is moderately wounded.
The goblin hits you with a +0 club.
You hit the goblin. You freeze the goblin.
You kill the goblin!
Sigmund hits you but does no damage.
There is an open door, spattered with blood here.
You see here a +0 club.
You closely miss Sigmund. You bite Sigmund, but do no damage.
Sigmund hits you with a +0 scythe!
Ouch! That really hurt!
Sigmund mumbles some strange words.
Sigmund flickers and vanishes!
Deactivating autopickup; reactivate with Ctrl-A.
You are confused.
You bump into the rock wall.
You feel less confused. You block something's attack.
A puff of flame appears from out of thin air!
You block the puff of flame.
A magic dart appears from out of thin air!
The magic dart hits you.
You are confused.
You're too confused to move!
A magic dart appears from out of thin air!
The magic dart hits you but does no damage.
You bump into the rock wall.
You bump into the rock wall.
You bump into the rock wall.
You feel less confused.
You hear some strange, mumbled words.
You are confused.
You bump into the rock wall.
You hear some strange, mumbled words.
A puff of flame appears from out of thin air!
The puff of flame hits you!
You die...

####.#.#########.#
#.....#
.....#'###### #.#
#######
##..#......... #.#
##.#......... #.#
#.#......... #.#
###.##+####### #.#
.......# #.#
####.#.# #.#
#..#.#.# #@#
#..#.#.#########{#
#................#
##...............#
......>######....#
...........†.....#
##........##.....#
#........##.....#
#........##..)..#


There were no monsters in sight!

Vanquished Creatures
  A dart slug (D:2)
  2 ball pythons
  A bat (D:1)
  6 endoplasms
  2 giant cockroaches (D:1)
  7 goblins
  2 hobgoblins
  3 jackals (D:1)
  A kobold (D:2)
  3 rats
28 creatures vanquished.

Vanquished Creatures (others)
  2 fungi (D:1)
  30 plants (D:1)
32 creatures vanquished.

Grand Total: 60 creatures vanquished

Notes
Turn   | Place    | Note
-------+----------+-------------------------------------------
     0 | D:1      | unlimited1921 the Vine Stalker Fighter began the quest for
                  | the Orb.
     0 | D:1      | Reached XP level 1. HP: 11/11 MP: 2/2
    46 | D:1      | Identified a scroll of acquirement
   291 | D:1      | Reached XP level 2. HP: 16/16 MP: 3/3
   342 | D:1      | Found a faded altar of an unknown god.
   363 | D:1      | Reached skill level 3 in Shields
   564 | D:1      | Found Bowka's Book Boutique.
  1706 | D:2      | Reached XP level 3. HP: 15/19 MP: 4/4
  2256 | D:2      | Noticed Sigmund
  2292 | D:2      | Killed from afar by Sigmund

Illustrated notes

Levels and vault maps discovered:
D:1:      dpeg_cavernosity, layout_basic, dreamdust_ecumenical_altar_grove,
          serial_shops, shop, serial_bayou_lagoon_a, hex_tiny
D:2:      layout_basic, uniq_sigmund

Skill      XL: |  1  2 |
---------------+-------+-----
Shields        | 3 |  3.1
Long Blades    | 2 |  2.3
Fighting       | |  2.9
Armour         | |  2.6
Dodging        | |  0.3

Action                   || total
-------------------------++-------
Melee: Long sword        ||   134
       Bite              ||    54
  Use: Scroll            ||     5
Armor: Scale mail        ||    24
Dodge: Dodged            ||    14
Block: Kite shield       ||    34
       Rpst.: Long sword ||     3
